| TOP OF THE 1ST |
|
Cincinnati (NYP) Reds batting - Pitching for Los Angeles (NYP) Dodgers : LHP Casey Ropp
|
|
Pitching: LHP Casey Ropp
|
|
|
Batting: SHB Bryan Johnston
|
0-0: Called Strike 0-1: Swinging Strike 0-2: Strikes out looking
|
|
Batting: LHB Fernando Gomez
|
0-0: Ball 1-0: Ball 2-0: Ball 3-0: Base on Balls
|
|
Batting: RHB Ricky Carbajal
|
0-0: Ball Fernando Gomez steals 2nd base 1-0: Called Strike Fernando Gomez steals 3rd base (no throw) 1-1: Swinging Strike 1-2: Ground out 6-3 (Groundball, 6, EV 79.4 MPH) Fernando Gomez scores
|
|
Batting: RHB Jamie Ingram
|
0-0: Foul Ball, location: 2F 0-1: Swinging Strike 0-2: Strikes out swinging
|
| Top of the 1st over - 1 run, 0 hits, 0 errors, 0 left on base; Cincinnati (NYP) 1 - Los Angeles (NYP) 0 |
| BOTTOM OF THE 1ST |
|
Los Angeles (NYP) Dodgers batting - Pitching for Cincinnati (NYP) Reds : RHP Matt Moffat
|
|
Pitching: RHP Matt Moffat
|
|
|
Batting: RHB Mario Mejia
|
0-0: Ball 1-0: Fly out, F7 (Flyball, 78D, EV 83.8 MPH)
|
|
Batting: RHB Leo Cuellar
|
0-0: Called Strike 0-1: Foul Ball, location: 2F 0-2: Fly out, F7 (Line Drive, 7, EV 86.9 MPH)
|
|
Batting: RHB John Piccolo
|
0-0: Called Strike 0-1: Swinging Strike 0-2: Ball 1-2: Foul Ball, location: 2F 1-2: Ball 2-2: Foul Ball, location: 2F 2-2: Foul Ball, location: 2F 2-2: Strikes out swinging, 2-3 out at first.
|
| Bottom of the 1st over - 0 runs, 0 hits, 0 errors, 0 left on base; Cincinnati (NYP) 1 - Los Angeles (NYP) 0 |
| TOP OF THE 2ND |
|
Cincinnati (NYP) Reds batting - Pitching for Los Angeles (NYP) Dodgers : LHP Casey Ropp
|
|
Batting: RHB Kagetoki Kawai
|
0-0: Called Strike 0-1: Ball 1-1: Called Strike 1-2: Strikes out swinging
|
|
Batting: RHB Dave Ruiz
|
0-0: Ball 1-0: Ball 2-0: Ball 3-0: Called Strike 3-1: Foul Ball, location: 2F 3-2: Base on Balls
|
|
Batting: RHB Bill Hainey
|
0-0: Swinging Strike 0-1: SINGLE (Groundball, 56D, EV 100.6 MPH) Dave Ruiz to second
|
|
Batting: RHB Chae-seong Lee
|
0-0: Ball 1-0: Ball 2-0: Foul Ball, location: 2F 2-1: Grounds into double play, 3-6-3 (Groundball, 34S, EV 87.5 MPH)
|
| Top of the 2nd over - 0 runs, 1 hit, 0 errors, 1 left on base; Cincinnati (NYP) 1 - Los Angeles (NYP) 0 |
| BOTTOM OF THE 2ND |
|
Los Angeles (NYP) Dodgers batting - Pitching for Cincinnati (NYP) Reds : RHP Matt Moffat
|
|
Batting: LHB Kippy McGrath
|
0-0: Called Strike 0-1: Ball 1-1: Ball 2-1: Ball 3-1: Called Strike 3-2: Strikes out looking
|
|
Batting: SHB Chris Ackerson
|
0-0: Swinging Strike 0-1: Ball 1-1: Called Strike 1-2: Ball 2-2: Ball 3-2: SINGLE (Groundball, 34D, EV 96.3 MPH)
|
|
Batting: RHB Eddie Perry
|
0-0: Ball 1-0: Foul Ball, location: 2F 1-1: Fly out, F7 (Line Drive, 7S, EV 103.8 MPH)
|
|
Batting: LHB Bobby Gambrell
|
0-0: Ball 1-0: Called Strike 1-1: Called Strike 1-2: Foul Ball, location: 2F 1-2: Fly out, F7 (Flyball, 7D, EV 90.6 MPH)
|
| Bottom of the 2nd over - 0 runs, 1 hit, 0 errors, 1 left on base; Cincinnati (NYP) 1 - Los Angeles (NYP) 0 |
| TOP OF THE 3RD |
|
Cincinnati (NYP) Reds batting - Pitching for Los Angeles (NYP) Dodgers : LHP Casey Ropp
|
|
Batting: LHB Josiah Leath
|
0-0: Foul Ball, location: 2F 0-1: Ball 1-1: Called Strike 1-2: Strikes out swinging
|
|
Batting: SHB Bryan Johnston
|
0-0: Foul Ball, location: 2F 0-1: SINGLE (Line Drive, 89S, EV 92.5 MPH)
|
|
Batting: LHB Fernando Gomez
|
0-0: Ball Bryan Johnston steals 2nd base (no throw) 1-0: Foul Ball, location: 2F 1-1: Called Strike 1-2: Strikes out swinging
|
|
Batting: RHB Ricky Carbajal
|
0-0: Ball 1-0: Ground out 1-3 (Groundball, 34S, EV 72.5 MPH)
|
| Top of the 3rd over - 0 runs, 1 hit, 0 errors, 1 left on base; Cincinnati (NYP) 1 - Los Angeles (NYP) 0 |
| BOTTOM OF THE 3RD |
|
Los Angeles (NYP) Dodgers batting - Pitching for Cincinnati (NYP) Reds : RHP Matt Moffat
|
|
Batting: LHB Fernando Amaya
|
0-0: Ball 1-0: Foul Ball, location: 2F 1-1: Ground out 3-1 (Groundball, 34, EV 87.5 MPH)
|
|
Batting: RHB Jonathan Quijada
|
0-0: Foul Ball, location: 2F 0-1: Foul Ball, location: 2F 0-2: Ball 1-2: Strikes out swinging
|
|
Batting: RHB Mario Mejia
|
0-0: Foul Ball, location: 2F 0-1: Reached on error, E6 (Groundball, 6, EV 100.0 MPH)
|
|
Batting: RHB Leo Cuellar
|
0-0: Called Strike Mario Mejia steals 2nd base 0-1: Fly out, F8 (Line Drive, 8LM, EV 84.4 MPH)
|
| Bottom of the 3rd over - 0 runs, 0 hits, 1 error, 1 left on base; Cincinnati (NYP) 1 - Los Angeles (NYP) 0 |
| TOP OF THE 4TH |
|
Cincinnati (NYP) Reds batting - Pitching for Los Angeles (NYP) Dodgers : LHP Casey Ropp
|
|
Batting: RHB Jamie Ingram
|
0-0: Fly out, F8 (Line Drive, 8LD, EV 85.0 MPH)
|
|
Batting: RHB Kagetoki Kawai
|
0-0: Ball 1-0: Foul Ball, location: 2F 1-1: Swinging Strike 1-2: Foul Ball, location: 2F 1-2: Strikes out looking
|
|
Batting: RHB Dave Ruiz
|
0-0: Ball 1-0: Swinging Strike 1-1: Swinging Strike 1-2: Strikes out swinging
|
| Top of the 4th over - 0 runs, 0 hits, 0 errors, 0 left on base; Cincinnati (NYP) 1 - Los Angeles (NYP) 0 |
| BOTTOM OF THE 4TH |
|
Los Angeles (NYP) Dodgers batting - Pitching for Cincinnati (NYP) Reds : RHP Matt Moffat
|
|
Batting: RHB John Piccolo
|
0-0: Ball 1-0: Ball 2-0: Ball 3-0: Called Strike 3-1: Base on Balls
|
|
Batting: LHB Kippy McGrath
|
0-0: Ball 1-0: Fly out, F8 (Flyball, 8LD, EV 101.9 MPH)
|
|
Batting: SHB Chris Ackerson
|
0-0: Ball 1-0: Ball 2-0: Foul Ball, location: 2F 2-1: Called Strike 2-2: Ball 3-2: Strikes out swinging
|
|
Batting: RHB Eddie Perry
|
0-0: Fly out, F6 (Flyball, 6D, EV 81.3 MPH)
|
| Bottom of the 4th over - 0 runs, 0 hits, 0 errors, 1 left on base; Cincinnati (NYP) 1 - Los Angeles (NYP) 0 |
| TOP OF THE 5TH |
|
Cincinnati (NYP) Reds batting - Pitching for Los Angeles (NYP) Dodgers : LHP Casey Ropp
|
|
Pitching: LHP Gavin White
|
|
|
Batting: RHB Bill Hainey
|
0-0: Ball 1-0: Called Strike 1-1: Foul Ball, location: 2F 1-2: Ball 2-2: Foul Ball, location: 2F 2-2: DOUBLE (Flyball, 9LD, EV 110.0 MPH)
|
|
Batting: RHB Chae-seong Lee
|
0-0: Called Strike 0-1: Ball 1-1: Fly out, F8 (Flyball, 8RXD, EV 85.6 MPH) Runner from 2nd tags up, SAFE at 3rd, no throw by CF
|
|
Batting: LHB Josiah Leath
|
0-0: SINGLE (Groundball, 4MD, EV 98.1 MPH) Bill Hainey scores
|
|
Batting: SHB Bryan Johnston
|
0-0: Ball 1-0: Called Strike Josiah Leath steals 2nd base 1-1: Ball 2-1: Foul Ball, location: 2F 2-2: Ball 3-2: Ground out 5-3 (Groundball, 56S, EV 81.3 MPH)
|
|
Batting: LHB Fernando Gomez
|
0-0: Called Strike 0-1: Ground out 4-3 (Groundball, 4, EV 101.3 MPH)
|
| Top of the 5th over - 1 run, 2 hits, 0 errors, 1 left on base; Cincinnati (NYP) 2 - Los Angeles (NYP) 0 |
| BOTTOM OF THE 5TH |
|
Los Angeles (NYP) Dodgers batting - Pitching for Cincinnati (NYP) Reds : RHP Matt Moffat
|
|
Batting: LHB Bobby Gambrell
|
0-0: Foul Ball, location: 2F 0-1: Called Strike 0-2: Strikes out swinging
|
|
Batting: LHB Fernando Amaya
|
0-0: Called Strike 0-1: Swinging Strike 0-2: Ball 1-2: Ball 2-2: Foul Ball, location: 2LF, Error on foul ball, E2 2-2: SINGLE (Groundball, 6MS, EV 74.4 MPH) (infield hit)
|
|
Batting: RHB Jonathan Quijada
|
0-0: Swinging Strike 0-1: Ball Passed Ball! Fernando Amaya to second 1-1: Foul Ball, location: 2F 1-2: Ball 2-2: Strikes out swinging
|
|
Batting: RHB Mario Mejia
|
0-0: Ball 1-0: Ball 2-0: Ball 3-0: Called Strike 3-1: Called Strike 3-2: Base on Balls
|
|
Batting: RHB Leo Cuellar
|
0-0: Ball 1-0: Ball 2-0: Ball 3-0: Base on Balls Fernando Amaya to third Mario Mejia to second
|
|
Batting: RHB John Piccolo
|
0-0: Called Strike 0-1: Foul Ball, location: 2F 0-2: Ball 1-2: Ball 2-2: SINGLE (Groundball, 6S, EV 96.9 MPH) Fernando Amaya scores Mario Mejia to third Leo Cuellar to second Runner from 3rd tries for Home, SAFE, throw by CF to home
|
|
Batting: LHB Kippy McGrath
|
0-0: Called Strike 0-1: Foul Ball, location: 2F Balk! Leo Cuellar to third John Piccolo to second 0-2: Foul Ball, location: 2F 0-2: Ball 1-2: Fly out, F9 (Flyball, 89M, EV 88.8 MPH)
|
| Bottom of the 5th over - 2 runs, 2 hits, 1 error, 2 left on base; Cincinnati (NYP) 2 - Los Angeles (NYP) 2 |
| TOP OF THE 6TH |
|
Cincinnati (NYP) Reds batting - Pitching for Los Angeles (NYP) Dodgers : LHP Gavin White
|
|
Batting: RHB Ricky Carbajal
|
0-0: Ground out 5-3 (Groundball, 56, EV 80.0 MPH)
|
|
Batting: RHB Jamie Ingram
|
0-0: Foul Ball, location: 2F 0-1: Ground out U3 (Groundball, 34, EV 107.5 MPH)
|
|
Batting: RHB Kagetoki Kawai
|
0-0: Ball 1-0: Fly out, F8 (Line Drive, 8RM, EV 93.8 MPH)
|
| Top of the 6th over - 0 runs, 0 hits, 0 errors, 0 left on base; Cincinnati (NYP) 2 - Los Angeles (NYP) 2 |
| BOTTOM OF THE 6TH |
|
Los Angeles (NYP) Dodgers batting - Pitching for Cincinnati (NYP) Reds : RHP Matt Moffat
|
|
Batting: SHB Chris Ackerson
|
0-0: Ball 1-0: Ball 2-0: Foul Ball, location: 2F 2-1: Ball 3-1: Ground out 6-3 (Groundball, 6M, EV 106.3 MPH)
|
|
Batting: RHB Eddie Perry
|
0-0: Called Strike 0-1: Foul Ball, location: 2F 0-2: Foul Ball, location: 2F 0-2: Ball 1-2: Ball 2-2: Ground out 6-3 (Groundball, 6, EV 107.5 MPH)
|
|
Batting: LHB Bobby Gambrell
|
0-0: Ball 1-0: Ball 2-0: Ball 3-0: Base on Balls
|
|
Pitching: RHP Tim Sanches
|
|
|
Batting: LHB Fernando Amaya
|
0-0: Ground out 4-3 (Groundball, 34, EV 81.3 MPH)
|
| Bottom of the 6th over - 0 runs, 0 hits, 0 errors, 1 left on base; Cincinnati (NYP) 2 - Los Angeles (NYP) 2 |
| TOP OF THE 7TH |
|
Cincinnati (NYP) Reds batting - Pitching for Los Angeles (NYP) Dodgers : LHP Gavin White
|
|
Pitching: RHP Willie Alvarado
|
|
|
Batting: RHB Dave Ruiz
|
0-0: Ball 1-0: Called Strike 1-1: Ball 2-1: Foul Ball, location: 2F 2-2: Ground out 6-3 (Groundball, 6, EV 87.5 MPH)
|
|
Batting: RHB Bill Hainey
|
0-0: Ball 1-0: Swinging Strike 1-1: Ball 2-1: Ground out 6-3 (Groundball, 6, EV 83.1 MPH)
|
|
Batting: RHB Chae-seong Lee
|
0-0: Ball 1-0: Ball 2-0: Ball 3-0: Called Strike 3-1: Called Strike 3-2: Ground out 4-3 (Groundball, 4M, EV 95.0 MPH)
|
| Top of the 7th over - 0 runs, 0 hits, 0 errors, 0 left on base; Cincinnati (NYP) 2 - Los Angeles (NYP) 2 |
| BOTTOM OF THE 7TH |
|
Los Angeles (NYP) Dodgers batting - Pitching for Cincinnati (NYP) Reds : RHP Tim Sanches
|
|
Batting: RHB Jonathan Quijada
|
0-0: Foul Ball, location: 2F 0-1: Ball 1-1: Ground out 5-3 (Groundball, 56, EV 81.3 MPH)
|
|
Batting: RHB Mario Mejia
|
0-0: Ball 1-0: DOUBLE (Line Drive, 89D, EV 114.4 MPH)
|
|
Batting: RHB Leo Cuellar
|
0-0: Ground out 5-3 (Groundball, 56, EV 103.1 MPH)
|
|
Batting: RHB John Piccolo
|
0-0: Fly out, F8 (Flyball, 78XD, EV 101.9 MPH)
|
| Bottom of the 7th over - 0 runs, 1 hit, 0 errors, 1 left on base; Cincinnati (NYP) 2 - Los Angeles (NYP) 2 |
| TOP OF THE 8TH |
|
Cincinnati (NYP) Reds batting - Pitching for Los Angeles (NYP) Dodgers : RHP Willie Alvarado
|
|
Pitching: RHP Craig Fallon
|
|
|
Batting: LHB Josiah Leath
|
0-0: Swinging Strike 0-1: Ball 1-1: Ball 2-1: Called Strike 2-2: Ball 3-2: Foul Ball, location: 2F 3-2: Foul Ball, location: 2F 3-2: SINGLE (Groundball, 4M, EV 84.4 MPH) (infield hit)
|
|
Batting: SHB Bryan Johnston
|
0-0: Bunted foul 0-1: Bunt missed! 0-2: Fielders Choice at 2nd, 6-4 (Groundball, 6, EV 90.6 MPH)
|
|
Batting: LHB Fernando Gomez
|
0-0: Ball Bryan Johnston steals 2nd base 1-0: Ball 2-0: Fly out, F8 (Flyball, 78D, EV 103.8 MPH)
|
|
Batting: RHB Ricky Carbajal
|
0-0: SINGLE (Groundball, 6M, EV 105.0 MPH) (infield hit) Bryan Johnston to third
|
|
Batting: RHB Jamie Ingram
|
0-0: Ball 1-0: Foul Ball, location: 2F 1-1: Ball Ricky Carbajal steals 2nd base 2-1: Swinging Strike 2-2: Foul Ball, location: 2F 2-2: Strikes out swinging
|
| Top of the 8th over - 0 runs, 2 hits, 0 errors, 2 left on base; Cincinnati (NYP) 2 - Los Angeles (NYP) 2 |
| BOTTOM OF THE 8TH |
|
Los Angeles (NYP) Dodgers batting - Pitching for Cincinnati (NYP) Reds : RHP Tim Sanches
|
|
Batting: LHB Kippy McGrath
|
0-0: Swinging Strike 0-1: Called Strike 0-2: Ball 1-2: Strikes out swinging, 2-3 out at first.
|
|
Batting: SHB Chris Ackerson
|
0-0: Called Strike 0-1: Foul Ball, location: 2F 0-2: Foul Ball, location: 2F 0-2: Strikes out swinging
|
|
Batting: RHB Eddie Perry
|
0-0: Swinging Strike 0-1: Foul Ball, location: 2F 0-2: Foul Ball, location: 2F 0-2: Ball 1-2: Foul Ball, location: 2F 1-2: SINGLE (Groundball, 5D, EV 97.5 MPH)
|
|
Batting: LHB Bobby Gambrell
|
0-0: Called Strike 0-1: Ball 1-1: Foul Ball, location: 2F 1-2: Strikes out swinging
|
| Bottom of the 8th over - 0 runs, 1 hit, 0 errors, 1 left on base; Cincinnati (NYP) 2 - Los Angeles (NYP) 2 |
| TOP OF THE 9TH |
|
Cincinnati (NYP) Reds batting - Pitching for Los Angeles (NYP) Dodgers : RHP Craig Fallon
|
|
Pinch Hitting: LHB Marty Hafner
|
0-0: Ball 1-0: Ball 2-0: Foul Ball, location: 2F 2-1: Swinging Strike 2-2: Ball 3-2: Ground out 4-3 (Groundball, 4M, EV 105.6 MPH)
|
|
Pinch Hitting: SHB Jeffrey Louter
|
0-0: Ball 1-0: Called Strike 1-1: Ball 2-1: Called Strike 2-2: Foul Ball, location: 2F 2-2: Strikes out looking
|
|
Batting: RHB Bill Hainey
|
0-0: Ball 1-0: Called Strike 1-1: Ball 2-1: Foul Ball, location: 2F 2-2: Ball 3-2: SINGLE (Flyball, 89S, EV 93.8 MPH)
|
|
Pitching: RHP Cody Bryant
|
|
|
Batting: RHB Chae-seong Lee
|
0-0: Ball 1-0: Fly out, F9 (Line Drive, 9, EV 91.9 MPH)
|
| Top of the 9th over - 0 runs, 1 hit, 0 errors, 1 left on base; Cincinnati (NYP) 2 - Los Angeles (NYP) 2 |
| BOTTOM OF THE 9TH |
|
Los Angeles (NYP) Dodgers batting - Pitching for Cincinnati (NYP) Reds : RHP Tim Sanches
|
|
Now at 1B: Alex Cruz
|
|
|
Now in CF: Pete Orban
|
|
|
Batting: LHB Fernando Amaya
|
0-0: Ground out 5-3 (Groundball, 56S, EV 80.6 MPH)
|
|
Batting: RHB Jonathan Quijada
|
0-0: Foul Ball, location: 2F 0-1: Foul Ball, location: 2F 0-2: Foul Ball, location: 2F 0-2: Fly out, F9 (Line Drive, 9, EV 86.3 MPH)
|
|
Batting: RHB Mario Mejia
|
0-0: Ball 1-0: Foul Ball, location: 2F 1-1: Ball 2-1: Ball 3-1: Base on Balls
|
|
Batting: RHB Leo Cuellar
|
0-0: Ball Mario Mejia is caught stealing 2nd base 2-4
|
| Bottom of the 9th over - 0 runs, 0 hits, 0 errors, 0 left on base; Cincinnati (NYP) 2 - Los Angeles (NYP) 2 |
| TOP OF THE 10TH |
|
Cincinnati (NYP) Reds batting - Pitching for Los Angeles (NYP) Dodgers : RHP Cody Bryant
|
|
Batting: LHB Josiah Leath
|
0-0: Ball 1-0: Foul Ball, location: 2F 1-1: Foul Ball, location: 2F 1-2: Foul Ball, location: 2F 1-2: Strikes out swinging
|
|
Batting: SHB Bryan Johnston
|
0-0: Ball 1-0: Ball 2-0: Called Strike 2-1: Ball 3-1: Foul Ball, location: 2F 3-2: Ground out 4-3 (Groundball, 4, EV 105.0 MPH)
|
|
Batting: LHB Fernando Gomez
|
0-0: Ball 1-0: Ball 2-0: Ball 3-0: Called Strike 3-1: Base on Balls
|
|
Batting: RHB Ricky Carbajal
|
0-0: Ball Fernando Gomez steals 2nd base 1-0: Intentional Walk
|
|
Batting: RHB Jamie Ingram
|
0-0: Ball 1-0: Ball 2-0: Ball 3-0: Base on Balls Fernando Gomez to third Ricky Carbajal to second
|
|
Batting: RHB Alex Cruz
|
0-0: Foul Ball, location: 2F 0-1: Ball 1-1: Called Strike 1-2: Ball 2-2: Foul Ball, location: 2F 2-2: Foul Ball, location: 2F 2-2: Ball 3-2: Ground out 4-3 (Groundball, 4S, EV 90.6 MPH)
|
| Top of the 10th over - 0 runs, 0 hits, 0 errors, 3 left on base; Cincinnati (NYP) 2 - Los Angeles (NYP) 2 |
| BOTTOM OF THE 10TH |
|
Los Angeles (NYP) Dodgers batting - Pitching for Cincinnati (NYP) Reds : RHP Tim Sanches
|
|
Pitching: RHP Giovonni Morgia
|
|
|
Pinch Hitting: LHB Jim Schriver
|
0-0: Ball 1-0: Ball 2-0: Foul Ball, location: 2F 2-1: Ball 3-1: Base on Balls
|
|
Batting: RHB John Piccolo
|
0-0: Ball 1-0: Ball 2-0: SINGLE (Groundball, 56D, EV 106.9 MPH) Jim Schriver to second
|
|
Batting: LHB Kippy McGrath
|
0-0: Foul Ball, location: 2F 0-1: Foul Ball, location: 2F 0-2: Ball 1-2: Strikes out swinging
|
|
Batting: SHB Chris Ackerson
|
0-0: Ball 1-0: Called Strike 1-1: Called Strike 1-2: SINGLE (Flyball, 8RS, EV 97.5 MPH) Jim Schriver to third John Piccolo to second Runner from 3rd tries for Home, throw by CF and OUT! 8-2 John Piccolo to third Chris Ackerson to second
|
|
Batting: RHB Eddie Perry
|
0-0: Ball Passed Ball! John Piccolo scores
|
| Bottom of the 10th over - 1 run, 2 hits, 0 errors, 0 left on base; Cincinnati (NYP) 2 - Los Angeles (NYP) 3 |
| |
|
Game Over ... Los Angeles (NYP) defeats Cincinnati (NYP), 3 to 2
|
|
|